3AA
BILLINGS POLAR BEARS @ OTTAWA NATIONALS
05/09/2025
 
TOP OF THE 1ST
Billings Polar Bears batting - Pitching for Ottawa Nationals : RHP António Fabián
Pitching: RHP António Fabián
Batting: RHB Roberto Hernández 0-0: Ball
1-0: Foul Ball, location: 2F
1-1: Ball
2-1: Fly out, F8 (Flyball, 8LD)
Batting: RHB Jorge Díaz 0-0: Foul Ball, location: 2F
0-1: Ball
1-1: Ball
2-1: Ball
3-1: Foul Ball, location: 2F
3-2: Base on Balls
Batting: LHB Rubén Ruíz 0-0: Called Strike
Jorge Díaz is caught stealing 2nd base
0-1: Ball
1-1: Foul Ball, location: 2F
1-2: Foul Ball, location: 2F
1-2: Reached on error, E4 (Groundball, 4)
Batting: LHB Felipe Trujillo 0-0: Called Strike
0-1: Ball
1-1: Ball
2-1: Swinging Strike
2-2: Fly out, F4 (Popup, 34)
Top of the 1st over - 0 run(s), 0 hit(s), 1 error(s), 1 left on base; Billings 0 - Ottawa 0
BOTTOM OF THE 1ST
Ottawa Nationals batting - Pitching for Billings Polar Bears : RHP Tim Cross
Pitching: RHP Tim Cross
Batting: RHB Michael Peterson 0-0: Ball
1-0: Called Strike
1-1: Foul Ball, location: 2F
1-2: Ball
2-2: Foul Ball, location: 2F
2-2: Ground out 6-3 (Groundball, 56)
Batting: RHB Barry Welch 0-0: Called Strike
0-1: Foul Ball, location: 2F
0-2: Ground out 6-3 (Groundball, 6)
Batting: LHB Alfredo Farías 0-0: Ball
1-0: Foul Ball, location: 2F
1-1: Ball
2-1: Foul Ball, location: 2F
2-2: Foul Ball, location: 2F
2-2: Strikes out swinging
Bottom of the 1st over - 0 run(s), 0 hit(s), 0 error(s), 0 left on base; Billings 0 - Ottawa 0
TOP OF THE 2ND
Billings Polar Bears batting - Pitching for Ottawa Nationals : RHP António Fabián
Batting: RHB Lúcio Marín 0-0: Ball
1-0: Called Strike
1-1: Reached on error, E9 (Flyball, 9S)
Batting: SHB Bernard Gauthier 0-0: Ball
1-0: Foul Ball, location: 2F
1-1: Ball
2-1: Swinging Strike
2-2: Strikes out swinging
Batting: RHB Manny Alemán 0-0: Called Strike
Lúcio Marín steals 2nd base
0-1: Swinging Strike
0-2: Fly out, F9 (Flyball, 9S)
Batting: RHB Logan Namajunas 0-0: Fly out, F9 (Flyball, 9S)
Top of the 2nd over - 0 run(s), 0 hit(s), 1 error(s), 1 left on base; Billings 0 - Ottawa 0
BOTTOM OF THE 2ND
Ottawa Nationals batting - Pitching for Billings Polar Bears : RHP Tim Cross
Batting: LHB Manuel Sánchez 0-0: Swinging Strike
0-1: Swinging Strike
0-2: Ground out 4-3 (Groundball, 4)
Batting: RHB Dan Curtis 0-0: Ball
1-0: Foul Ball, location: 2F
1-1: Foul Ball, location: 2F
1-2: Foul Ball, location: 2F
1-2: Ball
2-2: Ball
3-2: Base on Balls
Batting: RHB Patrick Samuels 0-0: Called Strike
0-1: Ball
1-1: Ball
2-1: Ball
3-1: Base on Balls
Dan Curtis to second
Batting: RHB Howard Fewell 0-0: Grounds into double play, 6-4-3 (Groundball, 6)
Bottom of the 2nd over - 0 run(s), 0 hit(s), 0 error(s), 1 left on base; Billings 0 - Ottawa 0
TOP OF THE 3RD
Billings Polar Bears batting - Pitching for Ottawa Nationals : RHP António Fabián
Batting: SHB Carroll Kline 0-0: Ball
1-0: Swinging Strike
1-1: Ball
2-1: Swinging Strike
2-2: Ball
3-2: Strikes out swinging
Batting: RHB Roberto Hernández 0-0: Ball
1-0: Fly out, F9 (Line Drive, 9)
Batting: RHB Jorge Díaz 0-0: SINGLE (Line Drive, 56)
Batting: LHB Rubén Ruíz 0-0: Ball
1-0: Ball
2-0: Swinging Strike
2-1: Ball
3-1: Base on Balls
Jorge Díaz to second
Batting: LHB Felipe Trujillo 0-0: Ball
1-0: Called Strike
1-1: Swinging Strike
1-2: Foul Ball, location: 2F
1-2: Strikes out swinging
Top of the 3rd over - 0 run(s), 1 hit(s), 0 error(s), 2 left on base; Billings 0 - Ottawa 0
BOTTOM OF THE 3RD
Ottawa Nationals batting - Pitching for Billings Polar Bears : RHP Tim Cross
Batting: RHB Louis Espinosa 0-0: Ball
1-0: Ball
2-0: Ball
3-0: Base on Balls
Batting: RHB Felipe Gonzáles 0-0: Ball
Louis Espinosa steals 2nd base
1-0: Fly out, F4 (Popup, 4D)
Batting: RHB Michael Peterson 0-0: Called Strike
0-1: Foul Ball, location: 2F
0-2: Foul Ball, location: 2F
0-2: Ball
1-2: Ball
2-2: Ground out 6-3 (Groundball, 56)
Batting: RHB Barry Welch 0-0: Swinging Strike
0-1: Ball
1-1: Foul Ball, location: 2F
1-2: Strikes out swinging
Bottom of the 3rd over - 0 run(s), 0 hit(s), 0 error(s), 1 left on base; Billings 0 - Ottawa 0
TOP OF THE 4TH
Billings Polar Bears batting - Pitching for Ottawa Nationals : RHP António Fabián
Batting: RHB Lúcio Marín 0-0: Fly out, F9 (Flyball, 89M)
Batting: SHB Bernard Gauthier 0-0: SINGLE (Groundball, 34D)
Batting: RHB Manny Alemán 0-0: Ball
Bernard Gauthier steals 2nd base
1-0: Ball
2-0: Called Strike
2-1: Ball
3-1: Ground out 4-3 (Groundball, 4)
Bernard Gauthier to third
Batting: RHB Logan Namajunas 0-0: Called Strike
0-1: Ball
1-1: Foul Ball, location: 2F
1-2: Ball
2-2: Foul Ball, location: 2F
2-2: Foul Ball, location: 2F
2-2: Ball
3-2: Fly out, F9 (Flyball, 9)
Top of the 4th over - 0 run(s), 1 hit(s), 0 error(s), 1 left on base; Billings 0 - Ottawa 0
BOTTOM OF THE 4TH
Ottawa Nationals batting - Pitching for Billings Polar Bears : RHP Tim Cross
Batting: LHB Alfredo Farías 0-0: Called Strike
0-1: Swinging Strike
0-2: Ball
1-2: Strikes out swinging
Batting: LHB Manuel Sánchez 0-0: Ground out 4-3 (Groundball, 4M)
Batting: RHB Dan Curtis 0-0: Called Strike
0-1: SINGLE (Line Drive, 89S)
Pitching: RHP Paul Nance
Batting: RHB Patrick Samuels 0-0: Ball
1-0: Ball
2-0: Called Strike
2-1: Foul Ball, location: 2F
2-2: SINGLE (Groundball, 6MD)
Dan Curtis to second
Runner from 2nd tries for 3rd, SAFE, no throw
Batting: RHB Howard Fewell 0-0: Ball
1-0: Called Strike
1-1: Fly out, F7 (Flyball, 7)
Bottom of the 4th over - 0 run(s), 2 hit(s), 0 error(s), 2 left on base; Billings 0 - Ottawa 0
TOP OF THE 5TH
Billings Polar Bears batting - Pitching for Ottawa Nationals : RHP António Fabián
Batting: SHB Carroll Kline 0-0: Ball
1-0: Foul Ball, location: 2F
1-1: Swinging Strike
1-2: Strikes out looking
Batting: RHB Roberto Hernández 0-0: Called Strike
0-1: Ball
1-1: Called Strike
1-2: Ball
2-2: Strikes out swinging
Batting: RHB Jorge Díaz 0-0: Called Strike
0-1: Ball
1-1: Foul Ball, location: 2F
1-2: Fly out, F4 (Popup, 3D)
Top of the 5th over - 0 run(s), 0 hit(s), 0 error(s), 0 left on base; Billings 0 - Ottawa 0
BOTTOM OF THE 5TH
Ottawa Nationals batting - Pitching for Billings Polar Bears : RHP Paul Nance
Batting: RHB Louis Espinosa 0-0: Called Strike
0-1: Ball
1-1: Ball
2-1: SINGLE (Groundball, 6D)
Batting: RHB Felipe Gonzáles 0-0: Sac Bunt - play at first, batter OUT! 2-4
Louis Espinosa to second
Batting: RHB Michael Peterson 0-0: Foul Ball, location: 2F
0-1: Called Strike
0-2: SINGLE (Groundball, 6MD)
Louis Espinosa to third
Throwing error, E8
Louis Espinosa scores
Michael Peterson to second
Batting: RHB Barry Welch 0-0: Intentional Walk
Batting: LHB Alfredo Farías 0-0: Grounds into double play, 6-4-3 (Groundball, 6)
Bottom of the 5th over - 1 run(s), 2 hit(s), 1 error(s), 1 left on base; Billings 0 - Ottawa 1
TOP OF THE 6TH
Billings Polar Bears batting - Pitching for Ottawa Nationals : RHP António Fabián
Batting: LHB Rubén Ruíz 0-0: Ball
1-0: Ball
2-0: Foul Ball, location: 2F
2-1: Ball
3-1: Called Strike
3-2: Ground out U3 (Groundball, 34S)
Batting: LHB Felipe Trujillo 0-0: Ball
1-0: Called Strike
1-1: Foul Ball, location: 2F
1-2: Ball
2-2: Ball
3-2: Fly out, F7 (Flyball, 7)
Batting: RHB Lúcio Marín 0-0: Called Strike
0-1: Ball
1-1: Reached on error, E5 (Groundball, 56)
Batting: SHB Bernard Gauthier 0-0: Called Strike
0-1: Ball
1-1: Ball
2-1: Called Strike
2-2: Foul Ball, location: 2F
2-2: Strikes out swinging
Top of the 6th over - 0 run(s), 0 hit(s), 1 error(s), 1 left on base; Billings 0 - Ottawa 1
BOTTOM OF THE 6TH
Ottawa Nationals batting - Pitching for Billings Polar Bears : RHP Paul Nance
Batting: LHB Manuel Sánchez 0-0: Foul Ball, location: 2F
0-1: Foul Ball, location: 2F
0-2: Foul Ball, location: 2F
0-2: Ball
1-2: SINGLE (Groundball, 25) (infield hit)
Batting: RHB Dan Curtis 0-0: Called Strike
0-1: Foul Ball, location: 2F
0-2: Ball
1-2: SINGLE (Line Drive, 6D)
Manuel Sánchez to second
Pitching: RHP Dylan Silva
Batting: RHB Patrick Samuels 0-0: Fly out, F7 (Flyball, 7)
Batting: RHB Howard Fewell 0-0: Called Strike
0-1: Ball
1-1: Called Strike
1-2: Ball
2-2: DOUBLE (Line Drive, 9LM)
Manuel Sánchez scores
Dan Curtis to third
Batting: RHB Louis Espinosa 0-0: Ball
1-0: DOUBLE (Line Drive, 78D)
Dan Curtis scores
Howard Fewell scores
Pinch Runner at 2nd Warren Martin:
Batting: RHB Felipe Gonzáles 0-0: Intentional Walk
Batting: RHB Michael Peterson 0-0: Foul Ball, location: 2F
0-1: Ball
1-1: Ball
2-1: Ball
3-1: Fly out, F9 (Flyball, 89S)
Batting: RHB Barry Welch 0-0: Ball
1-0: Swinging Strike
1-1: Ball
2-1: Called Strike
2-2: Strikes out swinging
Bottom of the 6th over - 3 run(s), 4 hit(s), 0 error(s), 2 left on base; Billings 0 - Ottawa 4
TOP OF THE 7TH
Billings Polar Bears batting - Pitching for Ottawa Nationals : RHP António Fabián
Now in CF: Warren Martin
Batting: RHB Manny Alemán 0-0: Called Strike
0-1: Foul Ball, location: 2F
0-2: Ball
1-2: SINGLE (Groundball, 34D)
Batting: RHB Logan Namajunas 0-0: Called Strike
0-1: Fielders Choice at 2nd, 6-4 (Groundball, 6D)
Batting: SHB Carroll Kline 0-0: Fly out, F7 (Flyball, 7S)
Batting: RHB Roberto Hernández 0-0: Foul Ball, location: 2F
0-1: Called Strike
0-2: Strikes out swinging
Top of the 7th over - 0 run(s), 1 hit(s), 0 error(s), 1 left on base; Billings 0 - Ottawa 4
BOTTOM OF THE 7TH
Ottawa Nationals batting - Pitching for Billings Polar Bears : RHP Dylan Silva
Batting: LHB Alfredo Farías 0-0: Ball
1-0: Ball
2-0: Foul Ball, location: 2F
2-1: Called Strike
2-2: Ball
3-2: Base on Balls
Batting: LHB Manuel Sánchez 0-0: Ball
1-0: Grounds into double play, 5-4-3 (Groundball, 56)
Batting: RHB Dan Curtis 0-0: Foul Ball, location: 2F
0-1: Ground out 1-3 (Groundball, 15S)
Bottom of the 7th over - 0 run(s), 0 hit(s), 0 error(s), 0 left on base; Billings 0 - Ottawa 4
TOP OF THE 8TH
Billings Polar Bears batting - Pitching for Ottawa Nationals : RHP António Fabián
Batting: RHB Jorge Díaz 0-0: Swinging Strike
0-1: Ball
1-1: Ball
2-1: Foul Ball, location: 2F
2-2: Ball
3-2: Strikes out looking
Batting: LHB Rubén Ruíz 0-0: Ball
1-0: Called Strike
1-1: Ground out 4-3 (Groundball, 4)
Batting: LHB Felipe Trujillo 0-0: Swinging Strike
0-1: Called Strike
0-2: Foul Ball, location: 2F
0-2: Foul Ball, location: 2F
0-2: Ball
1-2: Strikes out swinging
Top of the 8th over - 0 run(s), 0 hit(s), 0 error(s), 0 left on base; Billings 0 - Ottawa 4
BOTTOM OF THE 8TH
Ottawa Nationals batting - Pitching for Billings Polar Bears : RHP Dylan Silva
Pitching: RHP Wyatt Meek
Batting: RHB Patrick Samuels 0-0: Ball
1-0: SINGLE (Groundball, 4MD)
Batting: RHB Howard Fewell 0-0: Swinging Strike
0-1: Ball
1-1: Sac Bunt - play at second, runner OUT! 1-6
Batting: RHB Warren Martin 0-0: Called Strike
Howard Fewell steals 2nd base
0-1: Called Strike
0-2: SINGLE (Flyball, 8LS)
Howard Fewell to third
Batting: RHB Felipe Gonzáles 0-0: Ball
1-0: Foul Ball, location: 2F
1-1: Called Strike
1-2: Ball
2-2: Strikes out swinging
Batting: RHB Michael Peterson 0-0: Called Strike
0-1: Called Strike
0-2: Foul Ball, location: 2F
0-2: Ball
1-2: Foul Ball, location: 2F
1-2: Foul Ball, location: 2F
1-2: Foul Ball, location: 2F
1-2: Ball
2-2: Ball
3-2: Base on Balls
Warren Martin to second
Batting: RHB Barry Welch 0-0: Ball
1-0: Fielders Choice at 2nd, 5-4 (Groundball, 5)
Bottom of the 8th over - 0 run(s), 2 hit(s), 0 error(s), 2 left on base; Billings 0 - Ottawa 4
TOP OF THE 9TH
Billings Polar Bears batting - Pitching for Ottawa Nationals : RHP António Fabián
Pitching: LHP Eric Patnode
Batting: RHB Lúcio Marín 0-0: Called Strike
0-1: Foul Ball, location: 2F
0-2: Ball
1-2: Ball
2-2: Foul Ball, location: 2F
2-2: Ball
3-2: Fly out, F7 (Line Drive, 7)
Batting: SHB Bernard Gauthier 0-0: Ball
1-0: Ball
2-0: Called Strike
2-1: SINGLE (Groundball, 6MD)
Batting: RHB Manny Alemán 0-0: Ball
1-0: Foul Ball, location: 2F
1-1: Called Strike
1-2: Ball
2-2: Ball
3-2: Strikes out looking
Bernard Gauthier is caught stealing 2nd base
Batter strikes out.
Top of the 9th over - 0 run(s), 1 hit(s), 0 error(s), 0 left on base; Billings 0 - Ottawa 4
Friday, December 30th, 2016 - OOTP Baseball 17.12 Build 75